 Dungeon Crawl Stone Soup version 0.20-b1-18-gaa2fd62 (webtiles) character file.

46 Inarius the Stinger (level 3, 0/26 HPs)
             Began as a Draconian Venom Mage on May 23, 2017.
             Slain by an adder (1 damage)
             ... on level 1 of the Dungeon on May 24, 2017.
             The game lasted 00:09:32 (1355 turns).

Inarius the Stinger (Draconian Venom Mage)          Turns: 1355, Time: 00:09:33

Health: 0/26       AC:  5    Str: 10    XL:     3   Next: 46%
Magic:  5/6        EV: 12    Int: 16    God:
Gold:   46         SH:  0    Dex: 11    Spells: 0/6 levels left

rFire    . . .     SeeInvis .   i - +0 short sword
rCold    . . .     Gourm    .   (no shield)
rNeg     . . .     Faith    .   (armour unavailable)
rPois    .         Spirit   .   (helmet restricted)
rElec    .         Reflect  .   (no cloak)
rCorr    .         Harm     .   (no gloves)
MR       .....                  (no boots)
Stlth    ++........             (no amulet)
Regen    0.1/turn               (no ring)
MPRegen  0.1/turn               (no ring)

@: very slightly contaminated
A: unfitting armour, cold-blooded, AC +5
a: no special abilities


You were on level 1 of the Dungeon.
You were not hungry.

You visited 1 branch of the dungeon, and saw 2 of its levels.

You collected 46 gold pieces.

Inventory:

Hand Weapons
 i - a +0 short sword (weapon)
Scrolls
 c - a scroll of amnesia {unknown}
 d - a scroll of remove curse {unknown}
 e - a scroll of identify {unknown}
 f - a scroll of blinking {unknown}
Books
 a - a Young Poisoner's Handbook

   Spells                             Type                      Level
   a - Sting                          Conjuration/Poison           1
   b - Poisonous Vapours              Poison/Air                   2
   c - Mephitic Cloud                 Conjuration/Poison/Air       3
   d - Olgreb's Toxic Radiance        Poison                       4
   e - Venom Bolt                     Conjuration/Poison           5
Comestibles
 b - 4 bread rations
 g - 8 chunks of flesh
 h - a royal jelly


   Skills:
 + Level 0.2 Fighting
 + Level 0.2 Short Blades
 + Level 2.1 Dodging
 + Level 1.9 Stealth
 + Level 2.3 Spellcasting
 + Level 1.3 Conjurations
 + Level 3.7 Poison Magic


You couldn't memorise any spells.
You knew the following spells:

 Your Spells              Type           Power        Failure   Level  Hunger
a - Sting                 Conj/Pois      #...         7%          1    #......
b - Mephitic Cloud        Conj/Pois/Air  #.......     30%         3    ###....
c - Poisonous Vapours     Pois/Air       #.....       14%         2    ###....


Dungeon Overview and Level Annotations

Branches:
Dungeon (2/15)

Altars:


Innate Abilities, Weirdness & Mutations

Your plain brown scales are hard. (AC +5)
You cannot fit into any form of body armour.
You are cold-blooded and may be slowed by cold attacks.


Message History

* * * LOW HITPOINT WARNING * * *
You feel sick.
You are no longer poisoned.
The adder closely misses you.
You completely miss the adder.
The adder is moderately wounded.
The adder barely misses you. The adder closely misses you.
You hit the adder but do no damage.
The adder is moderately wounded.
The adder completely misses you.
You hit the adder but do no damage.
The adder is moderately wounded.
The adder barely misses you. The adder closely misses you.
You hit the adder but do no damage.
The adder is moderately wounded.
The adder misses you.
You closely miss the adder.
The adder is moderately wounded.
The adder bites you.
You die...

####### ############## #.....#
#.Sll........# ###.....#
#@##########.# .##.....#
#.#........#.# .##.....#
#....)####.#.#
.##.....########.....# #.#l#
.##.....#............# #.#.#
.#......#............####.#.#####
........'............>...........
........#.................#.####.
........#..............####.#....


You could see an adder, a leopard gecko and a frilled lizard.

Vanquished Creatures
  An adder (D:1)
  A leopard gecko (D:1)
  7 bats (D:1)
  3 giant cockroaches (D:1)
  2 goblins (D:1)
  9 hobgoblins (D:1)
  3 kobolds (D:1)
  3 frilled lizards (D:1)
  6 rats (D:1)
35 creatures vanquished.

Notes
Turn   | Place    | Note
-------+----------+-------------------------------------------
     0 | D:1      | Inarius the Draconian Venom Mage began the quest for the Orb.
     0 | D:1      | Reached XP level 1. HP: 14/14 MP: 3/3
    11 | D:1      | Upgraded the game from 0.20-b1-14-g8425815 to 0.20-b1-18-gaa2fd62
   273 | D:1      | Reached XP level 2. HP: 18/20 MP: 5/5
   610 | D:1      | Reached XP level 3. HP: 20/26 MP: 1/6
   827 | D:1      | Learned a level 3 spell: Mephitic Cloud
   830 | D:1      | Learned a level 2 spell: Poisonous Vapours
  1350 | D:1      | HP: 1/26 [poisoned by an adder]
  1355 | D:1      | Slain by an adder

Skill      XL: |  1  2 |
---------------+-------+-----
Dodging        | 2 |  2.1
Fighting       | |  0.2
Short Blades   | |  0.2
Stealth        | |  1.9
Spellcasting   | |  2.3
Conjurations   | |  1.3
Poison Magic   | |  3.7

Action                   || total
-------------------------++-------
Melee: Club              ||    26
       Tailslap          ||     3
       Short sword       ||    16
 Cast: Sting             ||    46
  Eat: Chunk             ||     2
Armor: Skin              ||    17
Dodge: Dodged            ||    42
